 Dungeon Crawl Stone Soup version 0.29.1-15-g9cfb28693d (webtiles) character file.

Game seed: 9507392325788918980

105 Demosthentine the Ducker (level 4, -3/34 HPs)
             Began as a Demonspawn Gladiator on Apr 6, 2023.
             Killed by nerve-wracking pain
             ... invoked by an orc priest
              (10 damage)
             ... on level 3 of the Dungeon on Apr 7, 2023.
             The game lasted 00:02:41 (2460 turns).

Demosthentine the Ducker (Demonspawn Gladiator)     Turns: 2460, Time: 00:02:42

Health: -3/34      AC:  3    Str: 17    XL:     4   Next: 53%
Magic:  4/4        EV: 12    Int:  9    God:
Gold:   73         SH:  0    Dex: 14    Spells: 3/3 levels left

rFire   + + .      SeeInvis .   a - +0 trident
rCold   . . .      Faith    .   (no shield)
rNeg    . . .      Spirit   .   b - +0 leather armour
rPois   .          Reflect  .   (helmet restricted)
rElec   .          Harm     .   (no cloak)
rCorr   .          Rampage  .   (no gloves)
Will    .....                   (no boots)
Stlth   +.........              (no amulet)
HPRegen 0.11/turn               h - ring of protection from fire
MPRegen 0.09/turn               i - ring of protection from fire

@: no status effects
A: horns 1, demonic guardian 2
a: no special abilities


You were on level 3 of the Dungeon.
You visited 1 branch of the dungeon, and saw 3 of its levels.

You collected 153 gold pieces.
You spent 80 gold pieces at shops.

Inventory:

Hand Weapons
 a - a +0 trident (weapon)
Missiles
 d - 3 throwing nets (quivered)
 e - 7 javelins
Armour
 b - a +0 leather armour (worn)
Jewellery
 h - a ring of protection from fire (left hand)
 i - a ring of protection from fire (right hand)
Potions
 f - a potion of curing
 g - 2 potions of heal wounds
 j - a potion of berserk rage
 k - a potion of brilliance
 l - a potion of might {unknown}


   Skills:
 + Level 2.9 Fighting
 + Level 3.3 Polearms
 - Level 1.7 Throwing
 + Level 1.6 Armour
 + Level 3.4 Dodging


You had 3 spell levels left.
You didn't know any spells.
Your spell library contained the following spells:

 Spells                   Type           Power      Damage    Failure   Level
 Slow                     Hex            0%         N/A       43%         1
 Blink                    Tloc           0%         N/A       58%         2
 Sublimation of Blood     Necr           0%         N/A       58%         2
 Confusing Touch          Hex            0%         N/A       82%         3
 Lesser Beckoning         Tloc           0%         N/A       82%         3
 Ozocubu's Armour         Ice            0%         N/A       82%         3
 Vampiric Draining        Necr           0%         2d6       82%         3
 Petrify                  Tmut/Erth      0%         N/A       99%         4
 Irradiate                Conj/Tmut      0%         3d11      100%        5
 Manifold Assault         Tloc           0%         N/A       100%        5
 Ozocubu's Refrigeration  Ice            0%         4d7       100%        7


Dungeon Overview and Level Annotations

Branches:
Dungeon (3/15)

Altars:

Shops:
D:1 !


Innate Abilities, Weirdness & Mutations

You have a pair of small horns on your head.
A demonic guardian rushes to your aid.


Message History

The orc is heavily wounded.
The orc hits you with a +0 whip.
A rat comes into view.
You hit the orc but do no damage.
The orc is heavily wounded.
The orc barely misses you.
You hit the orc.
The orc is severely wounded.
The orc barely misses you. The orc hits you with a +0 whip.
You hit the orc but do no damage.
The orc is severely wounded.
The orc misses you.
You barely miss the orc. You headbutt the orc.
You kill the orc!
You hit the orc priest.
The orc priest is moderately wounded.
The orc priest hits you with a +0 whip.
The rat twitches its whiskers.
The orc priest barely misses you.
You closely miss the orc priest.
You headbutt the orc priest, but do no damage.
The orc priest is moderately wounded.
The orc priest barely misses you.
You hit the orc priest.
The orc priest is heavily wounded.
The orc priest closely misses you.
You closely miss the orc priest. Your headbutt misses the orc priest.
The orc priest is heavily wounded.
The orc priest calls down the wrath of Beogh upon you.
Beogh smites you!
A demonic guardian appears!
You closely miss the orc priest.
The orc priest is heavily wounded.
The orc priest invokes the aid of Beogh against you.
Beogh smites you!
* * * LOW HITPOINT WARNING * * *
You hit the orc priest.
The orc priest is severely wounded.
The orc priest calls down the wrath of Beogh upon you.
Pain shoots through your body!
You die...

. ####### .. ##.....##
#.. ........## ..
#.##.....#########r#.#
#.#..#.........4@owr.#
....##..######.####..'#
._......# #.# ..#
....##..# #.# .
#)#..#..# #.#
#.##...### #.#
.......... #.#
##.###### #.. ##.# ####
#.#


You could see a worm, an orc priest (ally target), a quokka, a rat and a
friendly rust devil (summoned).

Vanquished Creatures
  Robin (D:3)
  An adder (D:2)
  4 dart slugs
  4 orcs (D:3)
  3 ball pythons
  4 endoplasms
  3 giant cockroaches
  13 goblins
  7 hobgoblins
  A jackal (D:2)
  5 kobolds
  3 quokkas
  4 bats
  5 frilled lizards
  7 rats
65 creatures vanquished.

Vanquished Creatures (collateral kills)
  2 jackals (D:2)
2 creatures vanquished.

Grand Total: 67 creatures vanquished

Notes
Turn   | Place    | Note
-------+----------+-------------------------------------------
     0 | D:1      | Demosthentine the Demonspawn Gladiator began the quest for
                  | the Orb.
     0 | D:1      | Reached XP level 1. HP: 16/16 MP: 1/1
    37 | D:1      | Found Neimavul's Distillery.
   360 | D:1      | Gained mutation: A weak demonic guardian rushes to your
                  | aid. [demonic ancestry]
   360 | D:1      | Reached XP level 2. HP: 22/22 MP: 2/2
   917 | D:1      | Bought a potion of curing for 30 gold pieces
   917 | D:1      | Bought a potion of berserk rage for 50 gold pieces
   968 | D:2      | Reached skill level 1 in Armour
  1016 | D:2      | Gained mutation: A demonic guardian rushes to your aid.
                  | [demonic ancestry]
  1016 | D:2      | Reached XP level 3. HP: 21/28 MP: 3/3
  1903 | D:2      | Gained mutation: You have a pair of small horns on your
                  | head. [demonic ancestry]
  1903 | D:2      | Reached XP level 4. HP: 33/34 MP: 4/4
  2141 | D:3      | Noticed Robin
  2153 | D:3      | Killed Robin
  2460 | D:3      | Killed from afar by an orc priest

Illustrated notes

Levels and vault maps discovered:
D:1:      lemuel_arrival_lava_pool, layout_basic, serial_shops, shop,
          minmay_crystal_room
D:2:      layout_loops_ring, hex_large
D:3:      layout_loops_ring, mainiacjoe_overflow_cross_hatched,
          mainiacjoe_overflow_small_starburst, xom_teletrap_fun,
          hellmonk_ecumenical_altar_arch_garden, gup_sewer_entry_bowl,
          roderic_lattice_a, uniq_sigmund, uniq_robin

Skill      XL: |  1  2 |
---------------+-------+-----
Polearms       | 3 |  3.3
Dodging        | 3 |  3.4
Armour         | 1 |  1.6
Fighting       | |  2.9
Throwing       | |  1.7

Action                   |  1- 3 |  4- 6 || total
-------------------------+-------+-------++-------
Melee: Trident           |   184 |    54 ||   238
       Punch             |     1 |       ||     1
       Headbutt          |       |     9 ||     9
  Use: Scroll            |     1 |     1 ||     2
       Potion            |     1 |       ||     1
 Stab: Sleeping          |     3 |       ||     3
Armor: Leather armour    |    52 |     7 ||    59
Dodge: Dodged            |    95 |    26 ||   121
